 Dungeon Crawl Stone Soup version 0.31-a0-198-g2ad674f65e (webtiles) character file.

Game seed: 2723466007561308641

172 porpoise the Shooter (level 5, -5/32 HPs)
             Began as a Tengu Hunter on June 26, 2023.
             Was an Initiate of Hepliaklqana.
             Slain by a gnoll
             ... wielding a +1 spear of distortion
              (22 damage)
             ... on level 4 of the Dungeon.
             The game lasted 00:06:19 (2123 turns).

porpoise the Shooter (Tengu Hunter)                 Turns: 2123, Time: 00:06:19

Health: -5/32      AC:  4    Str: 11    XL:     5   Next: 52%
Magic:  6/6        EV: 14    Int:  9    God:    Hepliaklqana [......]
Gold:   109        SH:  0    Dex: 20    Spells: 4/4 levels left

rFire   . . .        a - +0 shortbow
rCold   . . .        (shield currently unavailable)
rNeg    . . .        c - +1 leather armour
rPois   .            (helmet restricted)
rElec   .            (no cloak)
rCorr   .            (no gloves)
SInv    .            (boots unavailable)
Will    +....        (no amulet)
Stlth   ++           l - ring of willpower
HPRegen 0.25/turn    (no ring)
MPRegen 0.10/turn

%: no passive effects
@: flying quickly and evasively, invisible, quick
A: beak, talons 3, nimble flight
a: Renounce Religion


You were on level 4 of the Dungeon.
You worshipped Hepliaklqana.
Hepliaklqana was noncommittal.
You visited 1 branch of the dungeon, and saw 4 of its levels.

You collected 187 gold pieces.
You spent 78 gold pieces at shops.

Inventory:

Hand Weapons
 a - a +0 shortbow (weapon)
 b - a +1 vampiric short sword
 n - a +0 dagger
Missiles
 j - 6 poisoned darts
Armour
 c - a +1 leather armour (worn)
Jewellery
 l - a ring of willpower (left hand)
Scrolls
 d - a scroll of immolation {unknown}
 e - a scroll of enchant weapon {unknown}
 f - a scroll of butterflies
 o - a scroll of fog {unknown}
 r - a scroll of enchant armour
 s - a scroll of noise
Potions
 h - a potion of cancellation
 k - a potion of brilliance {unknown}
 m - 3 potions of heal wounds
 p - a potion of might {unknown}
 q - 3 potions of curing


   Skills:
 + Level 3.2 Fighting
 * Level 6.0 Ranged Weapons
 - Level 2.1 Dodging
 + Level 2.8 Stealth


You had 4 spell levels left.
You didn't know any spells.
Your spell library was empty.

Dungeon Overview and Level Annotations

Branches:
Dungeon (4/15)
 Temple: D:4-7

Altars:
Hepliaklqana

Shops:
D:1 [   D:3 *

Annotations:
D:4 Pikel


Innate Abilities, Weirdness & Mutations

You have a beak for a mouth.
You have claws for feet.
Your magical nature lets you fly swiftly and evasively.


Message History

The gnoll shouts!
You shoot an arrow. The arrow barely misses the gnoll.
You shoot an arrow.
The arrow hits the gnoll but does no damage.
The gnoll is heavily wounded.
You shoot an arrow. The arrow barely misses the gnoll.
You shoot an arrow.
The arrow hits the gnoll but does no damage.
You shoot an arrow. The arrow hits the gnoll.
The gnoll is moderately wounded.
The gnoll misses you.
You shoot an arrow. The arrow hits the gnoll!
The gnoll is almost dead.
You shoot an arrow. The arrow hits the gnoll!
You kill the gnoll!
Your Ranged Weapons skill increases to level 6!
You fade into invisibility!
The gnoll closely misses you.
You shoot an arrow. The arrow completely misses the gnoll.
You shoot an arrow. The arrow hits the gnoll.
The gnoll is moderately wounded.
The gnoll misses you.
You shoot an arrow. The arrow hits the gnoll.
The gnoll is severely wounded.
The gnoll hits you from afar with a +0 spear.
The gnoll closely misses you.
You shoot an arrow. The arrow hits the gnoll.
The gnoll is severely wounded.
The gnoll closely misses you.
You shoot an arrow. The arrow hits the gnoll.
You kill the gnoll!
The gnoll hits you from afar with a +1 spear of distortion.
Space warps around you.
You shoot an arrow. The arrow closely misses the gnoll.
The gnoll misses you.
You shoot an arrow. The arrow hits the gnoll.
The gnoll is almost dead.
The gnoll hits you with a +1 spear of distortion.
Space warps horribly around you!!
Ouch! That really hurt!
You die...

#.[#...)#.......
#....####...##
##....###....#
##..........+
#...........#
##...........#
#..)..>......#
##...g........+
#....@........####+#
###.........#.......
##.......##......#
#.........)..#..##.#
#.......#)<.##.(...#
#...........##......
##..................
#.................#
#...##.###........#


You could see a gnoll (unable to see you).

Vanquished Creatures
  An iguana (D:4)
  2 gnolls (D:4)
  6 adders
  An ufetubus (D:4)
  8 orcs
  6 endoplasms
  5 giant cockroaches
  5 hobgoblins
  2 jackals (D:3)
  3 kobolds
  A quokka (D:1)
  4 ball pythons
  3 bats (D:1)
  7 goblins
  2 rats
56 creatures vanquished.

Notes
Turn   | Place    | Note
-------+----------+-------------------------------------------
     0 | D:1      | porpoise the Tengu Hunter began the quest for the Orb.
     0 | D:1      | Reached XP level 1. HP: 12/12 MP: 2/2
    68 | D:1      | Reached XP level 2. HP: 17/17 MP: 3/3
   139 | D:1      | Found Isobraor's Antique Armour Shoppe.
   529 | D:2      | Found a faded altar of an unknown god.
   548 | D:2      | Reached skill level 5 in Ranged Weapons
   548 | D:2      | Reached XP level 3. HP: 9/22 MP: 4/4
  1142 | D:2      | Reached XP level 4. HP: 18/27 MP: 5/5
  1618 | D:3      | Found Duroecasoa's General Store.
  1628 | D:3      | Bought a potion of heal wounds for 65 gold pieces
  1628 | D:3      | Bought a scroll of noise for 13 gold pieces
  1694 | D:3      | Found a hazy altar of Hepliaklqana.
  1702 | D:3      | Became a worshipper of Hepliaklqana the Forgotten
  1953 | D:4      | Gained mutation: Your magical nature lets you fly swiftly
                  | and evasively. [Tengu growth]
  1953 | D:4      | Reached XP level 5. HP: 32/32 MP: 6/6
  1953 | D:4      | Noticed a lemure
  1953 | D:4      | Noticed a lemure
  1954 | D:4      | Noticed Pikel
  1954 | D:4      | Noticed a lemure
  2111 | D:4      | Reached skill level 6 in Ranged Weapons
  2123 | D:4      | Slain by a gnoll

Illustrated notes

Levels and vault maps discovered:
D:1:      minmay_arrival_arboretum_small, layout_rooms, serial_shops,
          nicolae_shop_real_fake_doors
D:2:      layout_loops_corners, nicolae_ecumenical_oubliette
D:3:      layout_rooms, nzn_hepliaklqana_mist_gate, serial_shops, shop
D:4:      layout_cave_pools, mainiacjoe_overflow_six_doors_small, uniq_pikel

Skill      XL: |  1  2  3  4  5 |
---------------+----------------+-----
Ranged Weapons | 5 6 |  6.0
Stealth        | 2 |  2.8
Fighting       | 3 |  3.2
Dodging        | |  2.1

Action                     |  1- 3 |  4- 6 || total
---------------------------+-------+-------++-------
  Melee: Dagger            |    13 |       ||    13
         Kick              |     4 |    10 ||    14
         Peck              |     4 |     5 ||     9
         Short sword       |     5 |    24 ||    29
         Punch             |       |     2 ||     2
   Fire: Shortbow          |    71 |    67 ||   138
    Use: Scroll            |       |     4 ||     4
         Potion            |       |     1 ||     1
   Stab: Sleeping          |     1 |       ||     1
 Armour: Leather armour    |    13 |     9 ||    22
  Dodge: Dodged            |    38 |    36 ||    74

Table legend: (Time is in decaauts)
 A = Elapsed time spent in this place.
 B = Non-inter-level travel time spent in this place.
 C = Inter-level travel time spent in this place.
 D = Time resting spent in this place.
 E = Time spent auto-exploring this place.
 F = Levels seen in this place.
 G = Mean time per level.
                   A        B        C        D        E       F      G
               +--------+--------+--------+--------+--------+-----+--------+
         Total |   2131 |   2028 |    103 |    251 |   1391 |   4 |  532.8 |
       Dungeon |   2131 |   2028 |    103 |    251 |   1391 |   4 |  532.8 |
               +--------+--------+--------+--------+--------+-----+--------+

Top non-repeatable levels by time:
     D:2: 1068 daAuts
     D:3: 501 daAuts
     D:1: 420 daAuts
     D:4: 140 daAuts
